 Dungeon Crawl Stone Soup version 0.23.0-33-g5e6c059 (webtiles) character file.

Game seed: 1657737127834469730

423 Fang the Skirmisher (level 6, -3/60 HPs)
             Began as a Gargoyle Berserker on Feb 26, 2019.
             Was a Priest of Trog.
             Slain by Menkaure (7 damage)
             ... on level 5 of the Dungeon.
             The game lasted 00:03:54 (3170 turns).

Fang the Skirmisher (Gargoyle Berserker)            Turns: 3170, Time: 00:03:55

Health: -3/60      AC: 13    Str: 28    XL:     6   Next: 95%
Magic:  6/6        EV: 11    Int:  7    God:    Trog [***...]
Gold:   210        SH:  0    Dex:  9    Spells: 5/5 levels left

rFire    . . .     SeeInvis .   y - -1 war axe (curse)
rCold    . . .     Gourm    .   (no shield)
rNeg     + + .     Faith    .   f - +0 chain mail
rPois    ∞         Spirit   .   (no helmet)
rElec    +         Reflect  .   (no cloak)
rCorr    .         Harm     .   (no gloves)
MR       .....                  (no boots)
Stlth    ..........             (no amulet)
HPRegen  0.20/turn              r - ring of positive energy
MPRegen  0.10/turn              n - +1 ring of evasion

@: berserking, very quick
A: negative energy resistance 1, electricity resistance, unbreathing,
petrification resistance, rot immunity, AC +4
a: Berserk, Trog's Hand, Renounce Religion


You were on level 5 of the Dungeon.
You worshipped Trog.
Trog was most pleased with you.
You were very hungry.

You visited 1 branch of the dungeon, and saw 5 of its levels.

You collected 210 gold pieces.

Inventory:

Hand Weapons
 y - a cursed -1 war axe (weapon)
Armour
 f - a +0 chain mail (worn)
Jewellery
 l - an uncursed ring of flight
 n - a +1 ring of evasion (right hand)
 r - a ring of positive energy (left hand)
Wands
 p - a wand of paralysis (8)
 u - a wand of acid (10)
Scrolls
 e - 4 scrolls of teleportation
 g - 5 scrolls of identify
 j - a scroll of blinking {unknown}
 k - 2 scrolls of remove curse {unknown}
 q - a scroll of fog {unknown}
 s - a scroll of immolation {unknown}
 v - a scroll of enchant weapon {unknown}
 w - a scroll of magic mapping {unknown}
Potions
 d - 3 potions of curing {unknown}
 h - 2 potions of agility
 i - 2 potions of mutation {unknown}
 m - a potion of resistance {unknown}
 o - a potion of flight {unknown}
 x - a potion of brilliance {unknown}
Comestibles
 a - 4 chunks of flesh
 c - 15 rations


   Skills:
 + Level 5.0 Fighting
 + Level 4.1 Axes
 + Level 4.2 Armour
 + Level 3.2 Dodging


You had 5 spell levels left.
You didn't know any spells.
Your spell library was empty.

Dungeon Overview and Level Annotations

Branches:
Dungeon (5/15)
 Temple: D:4-7

Altars:
Ashenzari
Kikubaaqudgha
Vehumet
Zin

Annotations:
D:5 Menkaure


Innate Abilities, Weirdness & Mutations

You are resistant to torment.
Your stone body is resilient. (AC +4)
You are immune to poison.
You resist negative energy. (rN+)
You are resistant to electric shocks. (rElec)
You can survive without breathing.
You are immune to petrification.
You are immune to rotting.


Message History

Menkaure gestures at you while chanting.
You barely resist. You barely miss Menkaure.
Menkaure is moderately damaged.
Menkaure closely misses you.
You closely miss Menkaure.
Menkaure is moderately damaged.
Menkaure hits you but does no damage.
Your chain mail prevents you from hitting Menkaure.
Menkaure is moderately damaged.
Menkaure hits you!
* * * LOW HITPOINT WARNING * * *
You closely miss Menkaure.
Menkaure is moderately damaged.
Menkaure calls on the powers of darkness!
You feel a surge of unholy energy.
You slash Menkaure!
Menkaure is heavily damaged.
Menkaure hits you!
You die...

######## #
#......#..#+#
......#.@M......
..... #.........
.... +.........
..# ##[.####+# .
#..# .... ....#
#####


You could see Menkaure.

Vanquished Creatures
  2 vampire bats (D:3)
  A hound (D:4)
  An orc priest (D:4)
  2 bullfrog skeletons (D:4)
  A centaur skeleton (D:4)
  An iguana (D:4)
  3 gnolls (D:4)
  3 adders
  An ooze (D:2)
  An adder zombie (D:5)
  6 dart slugs
  3 leopard geckos
  10 orcs
  4 bat skeletons (D:3)
  2 bat zombies (D:3)
  5 giant cockroaches
  16 hobgoblins
  2 ball pythons
  9 bats
  2 frilled lizards
  6 goblins
  6 kobolds
  10 rats
97 creatures vanquished.

Vanquished Creatures (others)
  Robin (D:2)
  10 goblins (D:2)
11 creatures vanquished.

Grand Total: 108 creatures vanquished

Notes
Turn   | Place    | Note
-------+----------+-------------------------------------------
     0 | D:1      | Fang the Gargoyle Berserker began the quest for the Orb.
     0 | D:1      | Reached XP level 1. HP: 14/14 MP: 1/1
    80 | D:1      | Reached XP level 2. HP: 9/19 MP: 2/2
   532 | D:1      | Reached XP level 3. HP: 22/23 MP: 3/3
   712 | D:1      | Reached ** piety under Trog
   833 | D:2      | Killed Robin
  1019 | D:2      | Found a radiant altar of Vehumet.
  1338 | D:2      | Reached XP level 4. HP: 29/29 MP: 4/4
  1495 | D:2      | Reached skill level 4 in Fighting
  1588 | D:3      | Found a shattered altar of Ashenzari.
  1790 | D:3      | Found a glowing silver altar of Zin.
  1956 | D:3      | Reached *** piety under Trog
  1968 | D:3      | Found an ancient bone altar of Kikubaaqudgha.
  1989 | D:3      | Reached XP level 5. HP: 29/33 MP: 5/5
  2328 | D:4      | Reached XP level 6. HP: 39/39 MP: 6/6
  2798 | D:4      | Reached skill level 5 in Fighting
  3137 | D:5      | Entered Level 5 of the Dungeon
  3159 | D:5      | Noticed Menkaure
  3168 | D:5      | HP: 3/60 [Menkaure (14)]
  3170 | D:5      | Slain by Menkaure

Skill      XL: |  1  2  3  4  5  6 |
---------------+-------------------+-----
Axes           | 3 4 |  4.1
Dodging        | 2 3 |  3.2
Armour         | 3 4 |  4.2
Fighting       | 4 5 |  5.0

Action                   |  1- 3 |  4- 6 || total
-------------------------+-------+-------++-------
Melee: Hand axe          |   109 |   192 ||   301
       War axe           |       |    30 ||    30
Invok: Berserk           |     1 |     3 ||     4
  Use: Scroll            |       |     3 ||     3
 Stab: Sleeping          |     1 |       ||     1
  Eat: Chunk             |     2 |     8 ||    10
Armor: Animal skin       |    30 |       ||    30
       Chain mail        |    12 |   154 ||   166
Dodge: Dodged            |    61 |   139 ||   200
